Map: Dusk Towers

Players

Guru

  • Race: Zerg Zerg
  • League: Diamond

ShoWTimE - Winner!

  • Race: Protoss Protoss
  • League: Master

Event: Homestory Cup XII

VOD

https://www.youtube.com/watch?v=VWXDFHhp4QU

Description

Time

  • Played on: Dec. 17, 2015, 12:26 p.m.
  • Length: 15:38

All games in this series

Show
View Real Time Build Order
Export as new Build Order

Guru Zerg 

Build Orders: Hatch First, Lurkers 

Get SALT Encoding   

  12  0:01  Drone  
  13  0:12  Overlord  
  13  0:17  Drone  
  14  0:30  Drone  
  14  0:31  Drone  
  14  0:34  Drone  
  17  0:53  Drone  
  18  1:01  Hatchery  
  17  1:06  Spawning Pool  
  17  1:11  Drone  
  17  1:14  Extractor  
  17  1:15  Drone  
  17  1:20  Drone  
  18  1:30  Drone  
  19  1:43  Hatchery  
  19  1:46  Drone  
  19  1:53  Drone  
  20  1:58  Queen  
  22  2:12  Queen  
  22  2:13  Drone  
  22  2:14  Drone  
  26  2:17  Drone  
  27  2:25  Metabolic Boost  
  27  2:28  Drone  
  28  2:33  Overlord  
  28  2:50  Queen  
  30  2:51  Drone  
  30  2:52  Drone x2  
  30  2:55  Queen  
  30  2:56  Drone  
  30  2:58  Drone  
  37  3:08  Drone  
  37  3:10  Drone  
  37  3:11  Drone x2  
  37  3:12  Drone  
  42  3:16  Overlord  
  42  3:21  Evolution Chamber, Drone  
  42  3:28  Overlord  
  42  3:30  Spore Crawler  
  42  3:31  Drone  
  42  3:35  Spore Crawler  
  42  3:36  Drone x2  
  42  3:37  Drone x2  
  42  3:39  Drone  
  42  3:40  Drone  
  47  3:42  Drone  
  47  3:46  Zergling x4  
  50  3:48  Drone  
  50  3:51  Drone  
  50  3:54  Drone x3  
  55  3:59  Drone  
  55  4:02  Zerg Missile Weapons Level 1, Drone x2  
  58  4:06  Overlord  
  58  4:11  Overlord  
  58  4:12  Spore Crawler, Extractor x2  
  58  4:13  Drone  
  55  4:17  Drone x2  
  55  4:23  Drone x4  
  58  4:24  Drone  
  58  4:26  Drone  
  58  4:28  Drone x2  
  58  4:30  Drone  
  58  4:31  Drone  
  63  4:35  Drone x2  
  63  4:36  Drone  
  65  4:39  Overlord  
  65  4:43  Lair  
  65  4:47  Baneling Nest  
  65  4:48  Roach Warren  
  64  4:54  Extractor  
  64  4:56  Drone x3  
  64  4:57  Drone x2  
  68  5:00  Overlord  
  68  5:02  Drone  
  69  5:12  Overlord  
  68  5:15  Drone  
  68  5:16  Hatchery  
  68  5:17  Zergling x2  
  68  5:18  Zergling x10  
  74  5:23  Drone  
  75  5:29  Overlord  
  75  5:31  Roach x3  
  75  5:32  Roach  
  75  5:33  Roach  
  84  5:36  Roach  
  84  5:40  Drone x2  
  84  5:42  Glial Reconstitution  
  88  5:45  Hydralisk Den  
  88  5:47  Extractor  
  88  5:48  Drone  
  87  5:50  Drone  
  87  5:51  Drone x2  
  87  5:52  Roach  
  87  5:54  Roach x2  
  87  5:55  Roach  
  98  6:00  Overlord  
  98  6:02  Overlord  
  98  6:04  Overlord  
  98  6:12  Overlord  
  98  6:15  Muscular Augments  
  98  6:16  Overlord  
  98  6:21  Hydralisk x4  
  98  6:23  Hatchery  
  98  6:24  Hydralisk  
  107  6:28  Hydralisk x2  
  107  6:30  Drone  
  107  6:31  Drone  
  107  6:32  Drone  
  113  6:34  Drone x2  
  113  6:35  Drone  
  113  6:37  Drone  
  113  6:38  Drone  
  118  6:41  Drone  
  118  6:42  Roach  
  118  6:43  Roach  
  118  6:44  Roach  
  125  6:47  Drone x2  
  125  6:50  Drone x4  
  125  6:53  Roach  
  133  6:54  Roach  
  133  6:59  Hydralisk x2  
  133  7:00  Hydralisk  
  141  7:02  Overlord  
  141  7:04  Overlord  
  141  7:07  Overlord  
  141  7:09  Overlord  
  141  7:11  Overlord  
  141  7:12  Overlord  
  141  7:17  Overlord  
  141  7:20  Overlord  
  141  7:22  Hydralisk x2, Zerg Missile Weapons Level 2  
  145  7:26  Lurker Den  
  145  7:29  Drone  
  146  7:31  Drone x2, Infestation Pit  
  146  7:32  Roach x2  
  146  7:34  Roach  
  146  7:36  Roach x2  
  157  7:38  Roach  
  157  7:39  Roach  
  157  7:43  Roach x2  
  157  7:44  Roach x2  
  168  7:45  Roach  
  168  7:48  Roach  
  160  7:53  Roach  
  156  8:01  Spore Crawler  
  156  8:02  Drone  
  156  8:04  Roach x7  
  156  8:05  Drone  
  169  8:08  Evolution Chamber  
  169  8:09  Roach x4  
  169  8:10  Drone x2  
  169  8:11  Drone  
  179  8:13  Drone x2  
  179  8:15  Roach  
  183  8:20  Roach  
  183  8:25  Roach x5  
  196  8:27  Ravager x2  
  196  8:29  Zergling x6  
  200  8:36  Zerg Ground Armor Level 1  
  173  8:55  Zergling x2  
  173  8:56  Zergling x38  
  173  9:01  Hydralisk x4  
  164  9:10  Drone  
  164  9:11  Drone x3  
  164  9:12  Drone x2  
  170  9:17  Hive  
  169  9:25  Lurker x2  
  169  9:27  Zergling x16  
  169  9:30  Zergling x4  
  181  9:34  Drone  
  181  9:37  Spore Crawler  
  182  9:38  Drone x2  
  182  9:39  Spine Crawler  
  182  9:42  Lurker  
  182  9:43  Zergling x4  
  182  9:44  Zergling x2  
  186  9:49  Zergling x2  
  171  10:00  Zergling x12  
  150  10:09  Hydralisk  
  150  10:10  Hydralisk x3  
  150  10:12  Hydralisk x4  
  157  10:20  Zergling x20  
  161  10:25  Extractor  
  160  10:29  Queen x4  
  160  10:30  Queen  
  160  10:31  Drone x3  
  160  10:32  Ultralisk Cavern  
  160  10:34  Drone  
  173  10:35  Drone, Extractor  
  173  10:36  Drone x2  
  173  10:38  Zerg Melee Weapons Level 1  
  174  10:44  Drone x5  
  174  10:47  Zerg Ground Armor Level 2  
  177  10:53  Drone  
  177  10:54  Drone x2  
  177  10:56  Spore Crawler  
  179  11:03  Infestor  
  181  11:06  Infestor  
  181  11:07  Zergling x2  
  181  11:08  Zergling x22  
  181  11:10  Zergling x2  
  181  11:11  Zergling x2  
  197  11:18  Drone  
  198  11:19  Spine Crawler x2  
  198  11:20  Drone  
  198  11:23  Drone  
  198  11:26  Drone  
  198  11:31  Chitinous Plating  
  199  11:36  Overseer  
  199  11:37  Pneumatized Carapace  
  184  12:00  Drone x3  
  183  12:04  Ultralisk x3  
  183  12:05  Zergling x2  
  183  12:06  Zergling x6  
  199  12:15  Zergling x2  
  199  12:21  Zergling x6  
  199  12:25  Lurker  
  199  12:29  Spire  
  194  12:35  Zergling x2  
  194  12:36  Zergling x14  
  176  12:38  Ultralisk  
  176  12:39  Ultralisk  
  176  12:40  Zergling x24  
  197  12:51  Hydralisk  
  179  13:08  Zergling x2  
  179  13:09  Zergling x24  
  174  13:15  Infestor  
  174  13:16  Infestor  
  177  13:21  Zergling x4  
  177  13:22  Zergling x4  
  177  13:23  Zergling x2  
  181  13:28  Adrenal Glands  
  181  13:30  Zergling x6  
  181  13:32  Zergling x4  
  158  13:44  Infestor x2  
  162  13:51  Zergling x6  
  162  13:53  Zergling x6  
  162  13:54  Zergling x4  
  162  13:55  Greater Spire  
  169  14:00  Hatchery  
  168  14:04  Zergling x2  
  168  14:05  Zergling x2  
  168  14:06  Overlord  
  168  14:07  Drone, Zergling x2  
  172  14:10  Extractor  
  158  14:27  Zergling x2  
  158  14:28  Hydralisk x5, Zergling x8  
  168  14:37  Hatchery  
  168  14:38  Hydralisk x4  
  150  14:49  Hydralisk x2  
  150  14:50  Hydralisk x2  
  150  14:52  Hydralisk x5  
  126  14:56  Queen x2  
  126  14:57  Queen x2  
  126  14:58  Hydralisk x4  
  137  15:05  Hydralisk  
  137  15:07  Hydralisk x3  
  129  15:11  Hydralisk x2  
  128  15:20  Zergling x8  
Show
View Real Time Build Order
Export as new Build Order

ShoWTimE Protoss - Winner!

Build Orders: Nexus First, Oracle Opening 

Get SALT Encoding   

  12  0:01  Probe (Chrono Boost)  
  13  0:11  Probe (Chrono Boost)  
  14  0:17  Pylon  
  14  0:22  Probe (Chrono Boost)  
  16  0:35  Probe (Chrono Boost)  
  16  0:46  Probe (Chrono Boost)  
  17  1:00  Nexus  
  17  1:10  Gateway  
  17  1:13  Probe (Chrono Boost)  
  18  1:18  Assimilator  
  18  1:23  Probe (Chrono Boost)  
  19  1:29  Assimilator  
  19  1:34  Probe (Chrono Boost)  
  19  1:37  Pylon  
  20  1:44  Probe (Chrono Boost)  
  21  1:55  Probe (Chrono Boost)  
  21  1:57  Cybernetics Core  
  21  2:00  Zealot  
  24  2:05  Probe (Chrono Boost)  
  25  2:12  Probe (Chrono Boost)  
  26  2:16  Probe (Chrono Boost)  
  28  2:22  Probe (Chrono Boost)  
  28  2:26  Probe (Chrono Boost)  
  29  2:33  Probe (Chrono Boost), Stargate  
  29  2:35  Warp Gate  
  30  2:37  Probe (Chrono Boost)  
  30  2:43  Probe (Chrono Boost)  
  32  2:48  Mothership Core (Chrono Boost)  
  32  2:49  Adept  
  36  2:54  Probe (Chrono Boost)  
  36  2:57  Pylon  
  37  3:05  Probe (Chrono Boost)  
  38  3:06  Probe (Chrono Boost)  
  39  3:14  Probe (Chrono Boost)  
  39  3:16  Oracle (Chrono Boost)  
  39  3:17  Probe  
  44  3:20  Adept  
  44  3:24  Probe  
  47  3:28  Forge  
  47  3:29  Probe  
  48  3:34  Probe  
  48  3:35  Pylon  
  48  3:41  Probe  
  50  3:45  Probe  
  51  3:51  Nexus  
  51  3:53  Probe  
  51  3:55  Pylon  
  52  3:56  Probe  
  52  4:00  Protoss Ground Weapons Level 1 (Chrono Boost)  
  53  4:05  Probe  
  53  4:06  Probe  
  53  4:08  Assimilator  
  55  4:12  Assimilator  
  55  4:17  Probe x2  
  57  4:25  Void Ray (Chrono Boost)  
  57  4:27  Probe  
  57  4:29  Probe  
  63  4:35  Pylon  
  63  4:38  Probe  
  63  4:40  Twilight Council  
  63  4:41  Robotics Facility  
  63  4:42  Probe  
  65  4:48  Probe  
  65  4:49  Pylon  
  66  4:53  Photon Cannon  
  66  4:54  Probe  
  66  4:59  Probe  
  67  5:02  Gateway  
  67  5:05  Gateway  
  67  5:06  Probe x2  
  69  5:07  Resonating Glaives (Chrono Boost)  
  69  5:10  Probe  
  71  5:18  Gateway  
  71  5:20  Probe  
  72  5:21  Probe  
  72  5:26  Gateway  
  73  5:29  Gateway  
  73  5:33  Probe x2, Observer  
  76  5:39  Probe  
  77  5:43  Pylon  
  77  5:45  Gateway x2  
  77  5:46  Probe x2  
  77  5:49  Probe  
  79  5:50  Assimilator  
  79  5:52  Sentry  
  79  5:54  Assimilator  
  82  5:58  Probe x2, Pylon  
  82  6:01  Warp Prism  
  86  6:07  Sentry x2  
  86  6:10  Pylon  
  90  6:15  Pylon  
  90  6:18  Adept x2  
  94  6:27  Gateway  
  94  6:28  Pylon, Protoss Ground Weapons Level 2 (Chrono Boost)  
  94  6:32  Blink  
  94  6:35  Adept x2, Photon Cannon  
  98  6:46  Adept x4  
  106  6:47  Adept x2  
  110  6:55  Adept, Pylon  
  110  6:56  Adept  
  114  7:18  Adept x6  
  114  7:19  Adept x2  
  114  7:20  Warp Prism (Chrono Boost)  
  122  7:23  Robotics Bay  
  122  7:25  Probe  
  122  7:26  Robotics Facility  
  123  7:36  Probe  
  124  7:41  Stalker x2  
  124  7:42  Stalker x5  
  138  7:46  Stalker  
  140  8:10  Stalker x4  
  148  8:15  Pylon  
  148  8:17  Pylon  
  148  8:18  Nexus  
  148  8:20  Pylon  
  148  8:21  Pylon  
  148  8:26  Disruptor (Chrono Boost)  
  149  8:29  Pylon  
  149  8:32  Disruptor (Chrono Boost)  
  149  8:45  Pylon  
  149  8:46  Pylon  
  145  8:49  Stalker x2, Pylon  
  145  8:50  Stalker x2  
  145  8:53  Stalker x3  
  148  8:57  Disruptor (Chrono Boost)  
  148  9:02  Mothership Core  
  139  9:03  Stalker x2  
  139  9:04  Disruptor (Chrono Boost)  
  142  9:16  Stalker  
  142  9:17  Stalker x6  
  144  9:20  Pylon  
  150  9:28  Disruptor (Chrono Boost)  
  153  9:34  Protoss Ground Weapons Level 3  
  153  9:39  Nexus  
  153  9:44  Pylon  
  153  9:45  Disruptor (Chrono Boost), Pylon  
  156  9:49  Stalker  
  158  10:06  Stalker x2  
  158  10:07  Stalker x4  
  156  10:19  Disruptor (Chrono Boost)  
  156  10:20  Adept x3  
  163  10:26  Pylon  
  163  10:37  Nexus  
  163  10:40  Probe, Pylon  
  163  10:41  Pylon  
  168  10:44  Stalker x2  
  166  10:56  Immortal x2 (Chrono Boost)  
  170  10:57  Mothership Core  
  170  10:59  Photon Cannon  
  170  11:00  Sentry x3  
  170  11:02  Sentry  
  180  11:09  Pylon  
  180  11:11  Pylon  
  180  11:18  Pylon  
  180  11:20  Adept x3  
  180  11:21  Adept  
  180  11:23  Pylon  
  188  11:31  Immortal (Chrono Boost)  
  192  11:38  Probe x2  
  194  11:40  Sentry x3  
  194  12:06  Immortal (Chrono Boost)  
  192  12:10  Immortal (Chrono Boost)  
  194  12:15  Templar Archives  
  194  12:21  Stalker  
  194  12:22  Stalker x2  
  200  12:26  Assimilator  
  200  12:27  Assimilator  
  188  12:40  Stalker x2, Immortal (Chrono Boost)  
  188  12:41  Stalker x2  
  200  12:59  Nexus  
  189  13:13  Immortal (Chrono Boost)  
  189  13:15  Stalker x5  
  189  13:16  Stalker  
  195  13:24  Pylon  
  195  13:25  Dark Shrine  
  195  13:26  Fleet Beacon  
  181  13:27  Pylon  
  181  13:29  Stalker x2, Stargate  
  181  13:30  Stalker  
  175  13:43  High Templar x2  
  175  13:44  Stalker x3  
  175  13:48  Archon  
  175  13:51  Immortal (Chrono Boost)  
  179  13:56  Photon Cannon  
  179  13:57  Pylon  
  179  13:59  Immortal (Chrono Boost)  
  179  14:01  Zealot  
  185  14:23  Zealot x5  
  195  14:25  Immortal (Chrono Boost)  
  199  14:45  Immortal (Chrono Boost)  
  193  14:48  Stalker x2  
  193  14:49  Stalker x4  
  157  15:08  Stalker x2  
  157  15:09  Stalker  
  155  15:33  Nexus  
Tags
 
Add a new tag
Caveats
  • Supply blocks, unpowered buildings, or Contaminate may cause inaccurate times.
  • Supply counts are checked every 10 seconds.